 Dungeon Crawl Stone Soup version 0.32-a0-411-g744942f433 (webtiles) character file.

Game seed: 12113920557324306226

179 dialectric the Poker (level 5, -7/41 HPs)
             Began as a Coglin Gladiator on Feb 20, 2024.
             Mangled by an ogre
             ... wielding a +0 giant club
              (12 damage)
             ... on level 4 of the Dungeon.
             The game lasted 00:02:31 (2562 turns).

dialectric the Poker (Coglin Gladiator)             Turns: 2562, Time: 00:02:32

Health: -7/41      AC: 14    Str: 16    XL:     5   Next: 59%
Magic:  5/5        EV:  5    Int:  8    God:
Gold:   100        SH:  0    Dex: 15    Spells: 4/4 levels left

rFire   . . .        a - +0 trident {Sebastián}
rCold   . . .        (no shield)
rNeg    . . .        k - +0 plate armour
rPois   .            c - +0 helmet
rElec   .            t - +1 cloak
rCorr   .            (no gloves)
SInv    .            (no boots)
Will    .....        (no amulet) Stlth
                     (no ring)
HPRegen 0.26/turn    (no ring)
MPRegen 0.09/turn

%: no passive effects
@: immotile, revved
A: off-hand wielding, slow wielding, warmup strikes, legs shutdown
a: no special abilities


You were on level 4 of the Dungeon.
You visited 1 branch of the dungeon, and saw 4 of its levels.

You collected 100 gold pieces.

Inventory:

Hand Weapons
 a - a +0 trident (weapon) {Sebastián}
 s - a +4 quarterstaff of chaos
Missiles
 d - 2 throwing nets (quivered)
 e - a javelin
 g - 5 datura-tipped darts
 x - 4 poisoned darts
Armour
 c - a +0 helmet (worn)
 k - a +0 plate armour (worn)
 t - a +1 cloak (worn)
Scrolls
 b - a scroll of immolation {unknown}
 f - 2 scrolls of poison {unknown}
 i - 5 scrolls of identify {unknown}
 l - 3 scrolls of vulnerability {unknown}
 n - a scroll of blinking {unknown}
 p - a scroll of silence {unknown}
 q - a scroll of teleportation {unknown}
 r - a scroll of butterflies {unknown}
 u - a scroll of fog {unknown}
Potions
 h - a potion of enlightenment
 j - a potion of haste {unknown}
 m - a potion of berserk rage {unknown}
 o - a potion of cancellation {unknown}
 v - 2 potions of curing {unknown}
 w - a potion of degeneration {unknown}
 z - a potion of ambrosia {unknown}


   Skills:
 + Level 3.1 Fighting
 + Level 3.5 Polearms
 + Level 2.8 Throwing
 * Level 2.1 Armour
 - Level 3.0 Dodging


You had 4 spell levels left.
You didn't know any spells.
Your spell library contained the following spells:

 Spells                   Type           Power      Damage    Failure   Level
 Fugue of the Fallen      Necr           0%         N/A       100%        3
 Inner Flame              Hex/Fire       0%         N/A       100%        3
 Ozocubu's Armour         Ice            0%         N/A       100%        3
 Manifold Assault         Tloc           0%         N/A       100%        4
 Irradiate                Conj/Alch      0%         3d11      100%        5
 Conjure Ball Lightning   Conj/Air       0%         3x3d6     100%        6
 Plasma Beam              Fire/Air       0%         2x1d10    100%        6
 Ignition                 Fire           0%         3d3       100%        8


Dungeon Overview and Level Annotations

Branches:
Dungeon (4/15)
 Temple: D:4-7

Altars:
Nemelex Xobeh


Innate Abilities, Weirdness & Mutations

You can wield a second weapon in your off-hand.
It takes a long time for you to wield or remove held weapons.
Your first few attacks do less damage.
Attacking and casting redirects power from your legs.


Message History

Done exploring.
Done exploring.
What level of the Dungeon? (default 11, ? - help)
There is a stone staircase leading down here.
You climb downwards.
Found a stone staircase leading up.
There is a stone staircase leading up here.
Sorry, I don't know how to get there.
Unknown command.
An ogre comes into view. It is wielding a +0 giant club.
The ogre shouts!
You completely miss the ogre. The ogre hits you with a +0 giant club!
An ogre is nearby!
You hit the ogre.
The ogre is moderately wounded.
An ogre is nearby!
You puncture the ogre!
The ogre is severely wounded.
The ogre hits you with a +0 giant club!
You closely miss the ogre.
The ogre is severely wounded.
The ogre hits you with a +0 giant club!
* * * LOW HITPOINT WARNING * * *
You are too injured to fight recklessly!
You are too injured to fight recklessly!
You are too injured to fight recklessly!
You are too injured to fight recklessly!
You are too injured to fight recklessly!
You are too injured to fight recklessly!
Unknown command.
You barely miss the ogre.
The ogre is severely wounded.
The ogre hits you with a +0 giant club.
* * * LOW HITPOINT WARNING * * *
You barely miss the ogre.
The ogre is severely wounded.
You barely miss the ogre.
The ogre is severely wounded.
The ogre hits you with a +0 giant club!
You die...

#..........
###..#.......
#.......####.
###.....#.#
#.......#
####....#<..
##.#.....##.
#........#
#..##@..##.#
###.O##..#...
##. .......
.. .#.....
?.. ......
#... . #..
##.# .. ##


You could see an ogre.

Vanquished Creatures
  Crazy Yiuf (D:2)
  An iguana (D:3)
  3 adders
  5 bats
  9 endoplasms
  5 giant cockroaches
  4 hobgoblins
  4 kobolds
  2 quokkas
  7 ball pythons
  2 frilled lizards (D:1)
  8 goblins
  3 rats
54 creatures vanquished.

Notes
Turn   | Place    | Note
-------+----------+-------------------------------------------
     0 | D:1      | dialectric the Coglin Gladiator began the quest for the
                  | Orb.
     0 | D:1      | Reached XP level 1. HP: 16/16 MP: 1/1
    76 | D:1      | Reached XP level 2. HP: 20/22 MP: 2/2
   242 | D:1      | Reached XP level 3. HP: 28/28 MP: 3/3
   870 | D:2      | Reached XP level 4. HP: 30/34 MP: 4/4
  1006 | D:2      | Reached skill level 1 in Armour
  1038 | D:2      | Got the Incunabulum of the Squall
  1362 | D:2      | Found a runed translucent door.
  1363 | D:2      | Noticed Crazy Yiuf
  1801 | D:2      | Killed Crazy Yiuf
  1802 | D:2      | Reached XP level 5. HP: 40/40 MP: 5/5
  2240 | D:3      | Found a sparkling altar of Nemelex Xobeh.
  2555 | D:4      | Noticed an ogre
  2562 | D:4      | Mangled by an ogre

Illustrated notes

Levels and vault maps discovered:
D:1:      wheals_arrival_linesprint, layout_rooms, minivault_11
D:2:      wander_river, layout_basic, reono_crystal_passage,
          uniq_crazy_yiuf_cottage
D:3:      layout_basic, mainiacjoe_overflow_tiny_flanked
D:4:      layout_cave_pools, uniq_blork_the_orc, uniq_eustachio, uniq_pikel,
          uniq_ijyb

Skill      XL: |  1  2  3  4  5 |
---------------+----------------+-----
Throwing       | 2 |  2.8
Polearms       | 3 |  3.5
Dodging        | 3 |  3.0
Armour         | 1 2 |  2.1
Fighting       | 3 |  3.1

Action                     |  1- 3 |  4- 6 || total
---------------------------+-------+-------++-------
  Melee: Trident           |    86 |    94 ||   180
  Throw: Throwing net      |       |     1 ||     1
    Use: Potion            |       |     1 ||     1
   Stab: Sleeping          |     1 |       ||     1
         Held in net/web   |       |     1 ||     1
 Armour: Leather armour    |    36 |       ||    36
         Plate armour      |    12 |    72 ||    84
  Dodge: Dodged            |    28 |    20 ||    48

Table legend: (Time is in decaauts)
 A = Elapsed time spent in this place.
 B = Non-inter-level travel time spent in this place.
 C = Inter-level travel time spent in this place.
 D = Time resting spent in this place.
 E = Time spent auto-exploring this place.
 F = Levels seen in this place.
 G = Mean time per level.
                   A        B        C        D        E       F      G
               +--------+--------+--------+--------+--------+-----+--------+
         Total |   2601 |   2501 |    100 |      0 |   2067 |   4 |  650.2 |
       Dungeon |   2601 |   2501 |    100 |      0 |   2067 |   4 |  650.2 |
               +--------+--------+--------+--------+--------+-----+--------+

Top non-repeatable levels by time:
     D:2: 1044 daAuts
     D:1: 832 daAuts
     D:3: 705 daAuts
     D:4: 19 daAuts
